 Dungeon Crawl Stone Soup version 0.27.0-1-g7a089689b8 (webtiles) character file.

Game seed: 13823533602870532185

420 ZARRMARR the Chopper (level 6, -1/55 HPs)
             Began as a Hill Orc Monk on Aug 9, 2021.
             Was a Priest of Beogh.
             Slain by a water moccasin (2 damage)
             ... on level 4 of the Dungeon.
             The game lasted 00:23:03 (6188 turns).

ZARRMARR the Chopper (Hill Orc Monk)                Turns: 6188, Time: 00:23:04

Health: -1/55      AC:  5    Str: 16    XL:     6   Next: 94%
Magic:  6/6        EV: 11    Int: 10    God:    Beogh [***...]
Gold:   297        SH:  0    Dex: 13    Spells: 5/5 levels left

rFire    + . .     SeeInvis +   a - +0 hand axe
rCold    + . .     Faith    .   (no shield)
rNeg     . . .     Spirit   .   i - +0 ring mail {rF+}
rPois    .         Reflect  .   (no helmet)
rElec    .         Harm     .   (no cloak)
rCorr    .         Rampage  .   (no gloves)
Will     .....                  (no boots)
Stlth    +.........             e - amulet of the acrobat
HPRegen  0.18/turn              f - ring of see invisible
MPRegen  0.10/turn              p - ring of protection from cold

@: mighty, lethally poisoned (-1 -> -10)
A: no striking features
a: Renounce Religion, Smiting


You were on level 4 of the Dungeon.
You worshipped Beogh.
Beogh was most pleased with you.
You visited 1 branch of the dungeon, and saw 5 of its levels.

You collected 297 gold pieces.

Inventory:

Hand Weapons
 a - a +0 hand axe (weapon)
 m - a +0 club
Missiles
 j - 70 stones
 r - 3 boomerangs (quivered)
 t - 7 poisoned darts
Armour
 i - a +0 ring mail of fire resistance (worn)
 s - a +0 leather armour of cold resistance
 v - +0 ice dragon scales
Jewellery
 e - an amulet of the acrobat (around neck)
 f - a ring of see invisible (left hand)
 p - a ring of protection from cold (right hand)
Scrolls
 g - a scroll of blinking {unknown}
 n - 2 scrolls of teleportation
 o - a scroll of fear {unknown}
 q - a scroll of magic mapping
 u - a scroll of identify {unknown}
Potions
 b - a potion of attraction {unknown}
 c - a potion of might
 d - a potion of mutation {unknown}
 k - a potion of flight {unknown}
 l - a potion of lignification {unknown}


   Skills:
 + Level 4.9 Fighting
 + Level 6.5 Axes
 + Level 2.1 Throwing
 + Level 2.9 Armour
 + Level 3.3 Dodging
 + Level 1.7 Stealth


You had 5 spell levels left.
You didn't know any spells.
Your spell library contained the following spells:

 Spells                   Type           Power      Damage    Failure   Level
 Passwall                 Tmut/Erth      0%         N/A       71%         2
 Static Discharge         Conj/Air       0%         N/A       71%         2
 Mephitic Cloud           Conj/Pois/Air  0%         N/A       91%         3
 Swiftness                Air            0%         N/A       91%         3
 Lightning Bolt           Conj/Air       0%         1d11      100%        5
 Invisibility             Hex            0%         N/A       100%        6
 Maxwell's Capacitive Co  Air            0%         ∞         100%        8


Dungeon Overview and Level Annotations

Branches:
Dungeon (5/15)
 Temple: D:4-7

Altars:
Dithmenos
Makhleb
Okawaru
Ru


Message History

The adder bites you but does no damage.
You barely miss the adder.
The adder is almost dead.
You miss the water moccasin. The water moccasin bites you.
* * * LOW HITPOINT WARNING * * *
The adder bites you but does no damage.
The water moccasin bites you but does no damage.
You closely miss the adder.
The adder is almost dead.
You hit the water moccasin. The adder bites you but does no damage.
The water moccasin closely misses you.
You hit the adder but do no damage.
The adder is almost dead.
You barely miss the water moccasin. The adder misses you.
The water moccasin misses you. The adder bites you but does no damage.
You closely miss the adder.
The adder is almost dead.
You barely miss the water moccasin. The water moccasin bites you.
* * * LOW HITPOINT WARNING * * *
The adder misses you.
The water moccasin completely misses you.
You closely miss the adder.
The adder is almost dead.
You hit the water moccasin. The adder barely misses you.
The water moccasin bites you but does no damage.
You hit the adder.
You kill the adder!
Beogh accepts your kill.
You hit the water moccasin. The water moccasin bites you.
* * * LOW HITPOINT WARNING * * *
You are lethally poisoned!
The water moccasin poisons you!
It was a potion of might.
You feel very mighty all of a sudden.
* * * LOW HITPOINT WARNING * * *
You feel very sick. The water moccasin bites you.
* * * LOW HITPOINT WARNING * * *
The water moccasin bites you.
You die...

########################
.......................#
...............S.......#
................@......#
.......................#
.......................#
.......................#
.......................#
.......................#
.......................#
..........#####........#
..........#####........#


You could see a water moccasin.

Vanquished Creatures
  A black bear (D:4)
  A scorpion (D:4)
  A bullfrog skeleton (D:4)
  2 orc wizards
  2 hound skeletons (D:4)
  4 adders
  2 worms
  7 dart slugs
  5 orcs
  6 endoplasms
  7 giant cockroaches
  5 hobgoblins
  10 jackals
  2 quokkas
  4 ball pythons
  7 bats
  3 frilled lizards
  7 goblins
  A jackal skeleton (D:4)
  5 kobolds
  5 rats
87 creatures vanquished.

Vanquished Creatures (collateral kills)
  An orc wizard (D:5)
1 creature vanquished.

Vanquished Creatures (others)
  5 orcs
  A goblin (D:3)
6 creatures vanquished.

Grand Total: 94 creatures vanquished

Notes
Turn   | Place    | Note
-------+----------+-------------------------------------------
     0 | D:1      | ZARRMARR the Hill Orc Monk began the quest for the Orb.
     0 | D:1      | Reached XP level 1. HP: 19/19 MP: 1/1
   478 | D:1      | Reached XP level 2. HP: 24/27 MP: 2/2
   539 | D:1      | Found a faded altar of an unknown god.
  1269 | D:2      | Reached XP level 3. HP: 32/33 MP: 3/3
  1786 | D:2      | Reached skill level 5 in Axes
  2041 | D:3      | Reached XP level 4. HP: 40/40 MP: 4/4
  2096 | D:3      | Became a worshipper of Beogh the Brigand
  2096 | D:3      | Reached * piety under Beogh
  2096 | D:3      | Reached ** piety under Beogh
  2097 | D:3      | Found a burning altar of Makhleb.
  3610 | D:4      | Reached skill level 1 in Armour
  4212 | D:3      | Found a burning altar of Makhleb.
  4239 | D:3      | Reached XP level 5. HP: 47/47 MP: 5/5
  4949 | D:4      | Reached skill level 1 in Throwing
  5315 | D:4      | Got the Disquisition on Weightlessness
  5353 | D:4      | Found a sacrificial altar of Ru.
  5364 | D:4      | Reached skill level 6 in Axes
  5369 | D:4      | Reached XP level 6. HP: 52/53 MP: 6/6
  5453 | D:4      | Found a shadowy altar of Dithmenos.
  5533 | D:4      | Noticed a black bear
  5544 | D:4      | Killed a black bear
  5815 | D:4      | Found an iron altar of Okawaru.
  5831 | D:4      | Reached *** piety under Beogh
  6146 | D:5      | Entered Level 5 of the Dungeon
  6163 | D:5      | Noticed a water moccasin
  6165 | D:5      | Noticed an ice beast
  6188 | D:4      | HP: 1/55 [water moccasin (5)]
  6188 | D:4      | Slain by a water moccasin

Illustrated notes

Levels and vault maps discovered:
D:1:      eino_arrival_water_star, layout_loops_cross,
          hellmonk_ecumenical_altar_arch_garden
D:2:      layout_basic, minmay_cut_off
D:3:      layout_basic, lemuel_round_altar
D:4:      layout_gridville, nicolae_ru_great_annihilating_truth,
          nicolae_overflow_crystal_walls, mainiacjoe_overflow_small_starburst,
          hangedman_minor_gate_pass
D:5:      layout_rooms

Skill      XL: |  1  2  3  4  5  6 |
---------------+-------------------+-----
Fighting       | 4 |  4.9
Axes           | 5 6 |  6.5
Dodging        | 3 |  3.3
Armour         | 1 2 |  2.9
Throwing       | 1 2 |  2.1
Stealth        | |  1.7

Action                   |  1- 3 |  4- 6 || total
-------------------------+-------+-------++-------
Melee: Hand axe          |   102 |   231 ||   333
Throw: Stone             |    27 |    52 ||    79
       Boomerang         |       |    37 ||    37
Invok: Convert to Beogh  |       |     1 ||     1
  Use: Scroll            |     4 |     1 ||     5
       Potion            |       |     4 ||     4
 Stab: Sleeping          |     3 |       ||     3
Armor: Robe              |     9 |       ||     9
       Ring mail         |    30 |    80 ||   110
Dodge: Dodged            |    79 |   138 ||   217
